Map: Ultralove

Players

ManlyManMeat - Winner!

  • Race: Zerg Zerg
  • League: Diamond
  • Spawn Location: 1:00

VOD

Have the link to the VOD?

Description

Time

  • Played on: June 22, 2025, 5:39 p.m.
  • Length: 12:56
Show
View Real Time Build Order
Export as new Build Order

ManlyManMeat Zerg - Winner!

Build Orders:  

Get SALT Encoding   

  12  0:00  Drone  
  13  0:11  Drone  
  14  0:23  Drone, Extractor  
  15  0:30  Overlord  
  15  0:57  Drone  
  16  1:07  Hatchery  
  15  1:12  Drone  
  15  1:16  Drone  
  17  1:22  Drone  
  18  1:42  Extractor  
  18  1:44  Spawning Pool  
  18  1:49  Drone  
  17  1:53  Drone  
  18  2:05  Drone  
  15  2:20  Drone  
  20  2:52  Queen x2  
  20  2:54  Zergling x4  
  20  2:58  Overlord  
  26  3:13  Drone  
  26  3:14  Drone  
  28  3:28  Drone x2  
  30  3:37  Drone x2  
  32  3:51  Hatchery  
  32  3:56  Drone  
  32  3:58  Metabolic Boost  
  32  4:05  Drone x2  
  32  4:06  Drone  
  35  4:16  Overlord  
  35  4:20  Drone  
  36  4:34  Overlord  
  36  4:43  Drone  
  36  4:44  Drone  
  38  4:50  Extractor  
  38  4:53  Extractor  
  38  4:54  Drone  
  38  4:55  Drone x2  
  38  4:56  Extractor  
  38  5:00  Drone  
  38  5:04  Queen  
  38  5:07  Queen  
  43  5:10  Drone  
  43  5:11  Roach Warren  
  43  5:18  Drone x2  
  45  5:31  Overlord  
  45  5:32  Overlord  
  45  5:42  Drone  
  45  5:45  Drone x2  
  48  5:51  Drone x5  
  53  6:03  Queen  
  55  6:13  Drone  
  55  6:14  Drone x3  
  58  6:30  Roach x3  
  58  6:31  Roach x4  
  58  6:38  Overlord  
  58  6:39  Overlord  
  72  6:52  Drone  
  73  7:04  Evolution Chamber  
  72  7:22  Zergling x4  
  72  7:23  Zergling x10  
  72  7:24  Zergling x2, Roach  
  75  7:53  Drone x4  
  75  7:54  Overlord x2  
  75  7:57  Zerg Missile Weapons Level 1  
  79  8:05  Evolution Chamber  
  79  8:08  Drone x2  
  79  8:09  Drone  
  81  8:10  Drone  
  81  8:12  Overlord  
  81  8:16  Lair  
  82  8:26  Hatchery  
  81  8:33  Drone x3  
  81  8:37  Drone  
  81  8:38  Drone  
  86  8:40  Roach x4  
  86  8:41  Roach x3  
  100  9:03  Zerg Ground Armor Level 1  
  100  9:06  Overlord x3  
  100  9:16  Glial Reconstitution  
  100  9:19  Roach  
  102  9:20  Roach x2, Hydralisk Den  
  102  9:25  Overlord x3  
  102  9:27  Overseer  
  105  9:31  Overseer  
  105  9:34  Roach x5  
  115  10:06  Roach x6  
  115  10:07  Roach x8  
  143  10:14  Hydralisk x2  
  143  10:15  Hydralisk  
  65  10:40  Roach x5  
  160  10:52  Overlord x2  
  160  10:53  Overlord x2  
  160  11:05  Extractor  
  160  11:06  Drone  
  160  11:08  Extractor  
  159  11:21  Drone x2  
  159  11:22  Drone x2  
  159  11:23  Drone  
  159  11:24  Drone  
  159  11:27  Drone x5  
  159  11:28  Drone  
  174  11:40  Drone  
  174  11:43  Drone x7, Unknown  
  175  12:02  Roach x3  
  175  12:03  Roach x5  
Tags
 
League
Diamond
Matchup
Co-op
Replay Pack
Myownreplay2
Add a new tag
Caveats
  • Supply blocks, unpowered buildings, or Contaminate may cause inaccurate times.
  • Supply counts are checked every 10 seconds.